 Dungeon Crawl Stone Soup version 0.31-a0-187-gba352fbbf7 (webtiles) character file.

Game seed: 7230349785329333472

107 Gorgondantess the Gusty (level 4, -8/24 HPs)
             Began as a Tengu Air Elementalist on June 22, 2023.
             Killed by nerve-wracking pain
             ... invoked by Grinder
              (13 damage)
             ... while paralysed by Grinder
             ... on level 3 of the Dungeon.
             The game lasted 00:05:00 (2698 turns).

Gorgondantess the Gusty (Tengu Air Elementalist)    Turns: 2698, Time: 00:05:01

Health: -8/24      AC:  2    Str:  9    XL:     4   Next: 86%
Magic:  5/8        EV:  2    Int: 17    God:
Gold:   90         SH:  0    Dex: 14    Spells: 4/7 levels left

rFire   + . .        d - +2 dagger (venom)
rCold   . . .        (no shield)
rNeg    . . .        a - +0 robe
rPois   .            (helmet restricted)
rElec   .            (no cloak)
rCorr   .            (no gloves)
SInv    .            (boots unavailable)
Will    .....        (no amulet)
Stlth   ++           h - ring of protection from fire
HPRegen 0.24/turn    (no ring)
MPRegen 0.11/turn

%: no passive effects
@: paralysed
A: beak, talons 3
a: no special abilities


You were on level 3 of the Dungeon.
You visited 1 branch of the dungeon, and saw 3 of its levels.

You collected 158 gold pieces.
You spent 68 gold pieces at shops.

Inventory:

Hand Weapons
 c - a +1 short sword of draining
 d - a +2 dagger of venom (weapon)
 e - a +2 whip of freezing
Missiles
 n - 14 poisoned darts
Armour
 a - a +0 robe (worn)
Jewellery
 h - a ring of protection from fire (left hand)
Wands
 o - a wand of polymorph (3)
Scrolls
 f - 2 scrolls of identify {unknown}
 g - a scroll of teleportation {unknown}
 i - 2 scrolls of noise {unknown}
 j - 3 scrolls of enchant weapon {unknown}
 m - a scroll of blinking {unknown}
 t - a scroll of fog {unknown}
 u - a scroll of revelation {unknown}
 v - a scroll of immolation {unknown}
Potions
 b - a potion of magic
 k - 2 potions of attraction {unknown}
 l - 3 potions of curing {unknown}
 p - 2 potions of mutation {unknown}
 q - a potion of heal wounds {unknown}
 r - a potion of degeneration {unknown}
 s - a potion of berserk rage {unknown}


   Skills:
 + Level 1.1 Short Blades
 - Level 2.2 Dodging
 - Level 2.0 Stealth
 + Level 2.3 Spellcasting
 + Level 3.9 Conjurations
 + Level 5.4 Air Magic


You had 4 spell levels left.
You knew the following spells:

 Your Spells              Type           Power      Damage    Failure   Level
a - Shock                 Conj/Air       68%        1d7       2%          1
b - Static Discharge      Conj/Air       34%        2-4/arc   4%          2

Your spell library contained the following spells:

 Spells                   Type           Power      Damage    Failure   Level
 Swiftness                Air            20%        N/A       6%          3
 Airstrike                Air            10%        2d(2-18)  21%         4


Dungeon Overview and Level Annotations

Branches:
Dungeon (3/15)

Altars:
Cheibriados

Shops:
D:2 *

Annotations:
D:3 Grinder


Innate Abilities, Weirdness & Mutations

You have a beak for a mouth.
You have claws for feet.


Message History

Grinder comes into view.
Okay, then.
Casting: Shock (safe; 2% risk of failure)
Confirm with . or Enter, or press ? or * to list all spells.
Aiming: Shock (safe; 2% risk of failure)
Press: ? - help, Shift-Dir - straight line The zap hits Grinder.
Grinder is lightly wounded.
The zap hits Grinder but does no damage.
Grinder is lightly wounded.
Grinder gestures at you. Pain shoots through your body!
Unknown command.
Casting: Shock (safe; 2% risk of failure)
Confirm with . or Enter, or press ? or * to list all spells.
Aiming: Shock (safe; 2% risk of failure)
Press: ? - help, Shift-Dir - straight line The zap hits Grinder.
Grinder is lightly wounded.
The zap hits Grinder.
Grinder is moderately wounded.
Grinder gestures at you. Pain shoots through your body!
Unknown command.
Casting: Shock (safe; 2% risk of failure)
Confirm with . or Enter, or press ? or * to list all spells.
Aiming: Shock (safe; 2% risk of failure)
Press: ? - help, Shift-Dir - straight line The zap hits Grinder.
Grinder is heavily wounded.
The zap hits Grinder!
Grinder is heavily wounded.
Grinder gestures at you.
You suddenly lose the ability to move!
Grinder hits you!
* * * LOW HITPOINT WARNING * * *
Grinder gestures at you. Pain shoots through your body!
Ouch! That really hurt!
You die...

...............
.....########## .##
.....# ..# ....##
5.# ....# ..+ ....#
..# .(..### ..#
......############.#
....#..........†@5.#
....################
#####


You could see Grinder.

Vanquished Creatures
  4 adders
  2 worms (D:3)
  A dart slug (D:1)
  4 orcs (D:3)
  4 ball pythons
  6 endoplasms
  5 giant cockroaches
  5 goblins
  5 hobgoblins
  6 bats
  3 frilled lizards
  8 kobolds
  7 rats
60 creatures vanquished.

Notes
Turn   | Place    | Note
-------+----------+-------------------------------------------
     0 | D:1      | Gorgondantess the Tengu Air Elementalist began the quest
                  | for the Orb.
     0 | D:1      | Reached XP level 1. HP: 10/10 MP: 4/4
   441 | D:1      | Reached XP level 2. HP: 15/15 MP: 4/6
   444 | D:1      | Learned a level 2 spell: Static Discharge
   946 | D:1      | Reached XP level 3. HP: 19/19 MP: 3/7
  1381 | D:2      | Reached skill level 5 in Air Magic
  1715 | D:2      | Found Qawkibuo's Assorted Antiques.
  1732 | D:2      | Bought a runed bronze wand for 68 gold pieces
  1773 | D:2      | Reached XP level 4. HP: 24/24 MP: 4/8
  2313 | D:3      | Found a snail-covered altar of Cheibriados.
  2547 | D:3      | Reached skill level 1 in Short Blades
  2688 | D:3      | Noticed Grinder
  2694 | D:3      | Paralysed by Grinder for 5 turns
  2698 | D:3      | Killed from afar by Grinder

Illustrated notes

Levels and vault maps discovered:
D:1:      moated_graveyard_arrival, layout_basic, minivault_26
D:2:      layout_rooms, serial_shops, shop, amcnicky_mini_corridor_feature
D:3:      layout_basic, grunt_temple_overflow_holy_war, slow_altar_1,
          gammafunk_temple_overflow_pools, uniq_grinder

Skill      XL: |  1  2  3  4 |
---------------+-------------+-----
Conjurations   | 2 3 |  3.9
Air Magic      | 5 |  5.4
Short Blades   | 1 |  1.1
Dodging        | |  2.2
Stealth        | |  2.0
Spellcasting   | |  2.3

Action                     |  1- 3 |  4- 6 || total
---------------------------+-------+-------++-------
  Melee: Short sword       |     7 |       ||     7
         Dagger            |     2 |    17 ||    19
         Kick              |     1 |     7 ||     8
         Peck              |       |     2 ||     2
   Cast: Shock             |    69 |    40 ||   109
         Static Discharge  |       |     1 ||     1
 Armour: Robe              |     3 |       ||     3
  Dodge: Dodged            |     9 |    15 ||    24

Table legend: (Time is in decaauts)
 A = Elapsed time spent in this place.
 B = Non-inter-level travel time spent in this place.
 C = Inter-level travel time spent in this place.
 D = Time resting spent in this place.
 E = Time spent auto-exploring this place.
 F = Levels seen in this place.
 G = Mean time per level.
                   A        B        C        D        E       F      G
               +--------+--------+--------+--------+--------+-----+--------+
         Total |   2695 |   2624 |     71 |     36 |   2263 |   3 |  898.3 |
       Dungeon |   2695 |   2624 |     71 |     36 |   2263 |   3 |  898.3 |
               +--------+--------+--------+--------+--------+-----+--------+

Top non-repeatable levels by time:
     D:1: 1271 daAuts
     D:2: 782 daAuts
     D:3: 642 daAuts
